[ PARTIDA AOE2 · #478284336 ]
UnrankedMagiares vs None
Equipo rival · DERR
[ ANÁLISIS DE REPETICIÓN · EXTRAÍDO DE LA PARTIDA GRABADA ]
Feudal
9:56
Castillos
23:30
Imperial
42:17
| APM promedio | 41.4 |
| APM pico | 77 |
| eAPM promedio | 21.2 |
| Aldeanos / militares | 156 / 398 |
Foco
⚔️ 29.3% · 🌾 70.7%
Spearman ×177 · Scout Cavalry ×127 · Knight ×27 · Magyar Huszar ×20 · Cavalry Archer ×16 · Archer ×12
Feudal
9:18
Castillos
22:33
Imperial
46:42
| APM promedio | 70.7 |
| APM pico | 112 |
| eAPM promedio | 38.7 |
| Aldeanos / militares | 151 / 287 |
Foco
⚔️ 42.1% · 🌾 57.9%
Scout Cavalry ×144 · Knight ×73 · Cavalry Archer ×37 · Bombard Cannon ×11 · Monk ×9 · Scorpion ×9
Mapa de la partida
Recursos iniciales + cada clic de construcción. Líneas = muros · curvas = relieve. ◆ oro · ⬟ piedra · ● bayas · ✦ reliquia · ◌ hueco del cierre
Inputs por minuto
— Flying Mouse -AOE- - - Dustin
Build order — Flying Mouse -AOE-
Primeras 150 de 496 acciones detectadas
| 0:00 | Crear | Villager (Male) |
| 0:00 | Crear | Villager (Male) |
| 0:01 | Crear | Villager (Male) |
| 0:03 | Construir | House |
| 0:05 | Construir | House |
| 0:31 | Crear | Villager (Male) |
| 1:30 | Crear | Villager (Male) |
| 1:36 | Construir | Lumber Camp |
| 1:53 | Crear | Villager (Male) |
| 2:34 | Crear | Villager (Male) |
| 3:05 | Crear | Villager (Male) |
| 3:23 | Construir | House |
| 3:29 | Crear | Villager (Male) |
| 3:30 | Crear | Villager (Male) |
| 3:47 | Crear | Villager (Male) |
| 4:14 | Crear | Villager (Male) |
| 4:26 | Construir | Mill |
| 4:41 | Crear | Villager (Male) |
| 4:43 | Crear | Villager (Male) |
| 4:53 | Crear | Villager (Male) |
| 5:35 | Crear | Villager (Male) |
| 5:43 | Construir | House |
| 6:18 | Crear | Villager (Male) |
| 6:26 | Construir | Barracks |
| 6:47 | Crear | Villager (Male) |
| 6:49 | Investigar | Loom |
| 7:33 | Construir | Mining Camp |
| 7:46 | Investigar | Feudal Age |
| 8:04 | Crear | Militia |
| 8:27 | Crear | Militia |
| 8:35 | Construir | House |
| 8:43 | Crear | Militia |
| 9:39 | Construir | House |
| 9:51 | Crear | Villager (Male) |
| 9:56 | Edad | Edad Feudal |
| 10:03 | Crear | Spearman |
| 10:15 | Investigar | Man-at-Arms (upgrade) |
| 10:22 | Investigar | Double-Bit Axe |
| 10:23 | Crear | Villager (Male) |
| 10:26 | Construir | Archery Range |
| 10:37 | Crear | Villager (Male) |
| 10:46 | Crear | Villager (Male) |
| 11:18 | Crear | Villager (Male) |
| 11:24 | Construir | House |
| 11:26 | Crear | Archer |
| 11:46 | Crear | Villager (Male) |
| 11:59 | Construir | House |
| 12:08 | Crear | Spearman |
| 12:16 | Crear | Villager (Male) |
| 12:18 | Investigar | Horse Collar |
| 12:38 | Crear | Villager (Male) |
| 13:00 | Crear | Villager (Male) |
| 13:02 | Crear | Spearman |
| 13:06 | Crear | Archer |
| 13:12 | Construir | Blacksmith |
| 13:15 | Crear | Villager (Male) |
| 13:19 | Construir | Farm |
| 13:20 | Construir | Farm |
| 13:20 | Construir | Farm |
| 13:20 | Construir | Farm |
| 13:21 | Construir | Farm |
| 13:39 | Construir | Farm |
| 13:53 | Crear | Spearman |
| 13:55 | Crear | Villager (Male) |
| 14:25 | Crear | Spearman |
| 14:25 | Crear | Villager (Male) |
| 14:28 | Crear | Archer |
| 14:28 | Crear | Archer |
| 14:33 | Construir | Farm |
| 14:34 | Construir | Farm |
| 14:34 | Construir | Farm |
| 15:01 | Crear | Villager (Male) |
| 15:15 | Construir | Lumber Camp |
| 15:33 | Crear | Villager (Male) |
| 15:39 | Crear | Villager (Male) |
| 15:42 | Crear | Spearman |
| 15:42 | Crear | Spearman |
| 15:45 | Crear | Archer |
| 15:45 | Crear | Archer |
| 15:54 | Construir | Farm |
| 15:55 | Construir | Farm |
| 15:55 | Construir | Farm |
| 16:19 | Crear | Villager (Male) |
| 16:21 | Crear | Archer |
| 16:32 | Construir | House |
| 16:37 | Construir | Palisade Wall |
| 16:41 | Construir | House |
| 16:46 | Construir | Palisade Gate |
| 16:51 | Construir | House |
| 16:55 | Crear | Villager (Male) |
| 17:05 | Crear | Villager (Male) |
| 17:13 | Crear | Villager (Male) |
| 17:28 | Crear | Villager (Male) |
| 17:33 | Crear | Villager (Male) |
| 17:38 | Construir | Farm |
| 17:38 | Construir | Farm |
| 17:39 | Construir | Farm |
| 17:39 | Construir | Farm |
| 17:39 | Construir | Farm |
| 17:45 | Construir | Farm |
| 17:46 | Construir | Farm |
| 17:46 | Construir | Farm |
| 17:46 | Construir | Farm |
| 17:46 | Construir | Farm |
| 17:50 | Crear | Villager (Male) |
| 17:56 | Crear | Archer |
| 17:56 | Crear | Archer |
| 18:12 | Crear | Villager (Male) |
| 18:22 | Construir | Lumber Camp |
| 18:30 | Crear | Villager (Male) |
| 18:36 | Construir | House |
| 19:12 | Construir | Market |
| 19:18 | Crear | Villager (Male) |
| 19:21 | Crear | Archer |
| 19:50 | Crear | Villager (Male) |
| 20:04 | Crear | Archer |
| 20:11 | Construir | Farm |
| 20:12 | Construir | Farm |
| 20:35 | Construir | House |
| 20:43 | Investigar | Castle Age |
| 20:43 | Investigar | Castle Age |
| 20:54 | Construir | Stable |
| 20:56 | Construir | Stable |
| 21:19 | Investigar | Fletching |
| 21:37 | Crear | Villager (Male) |
| 21:39 | Crear | Spearman |
| 21:39 | Crear | Spearman |
| 21:44 | Construir | House |
| 21:47 | Investigar | Gold Mining |
| 22:07 | Crear | Archer |
| 22:17 | Construir | House |
| 22:19 | Investigar | Bloodlines |
| 22:47 | Crear | Villager (Male) |
| 22:49 | Crear | Spearman |
| 22:49 | Crear | Spearman |
| 22:49 | Crear | Spearman |
| 22:56 | Crear | Villager (Male) |
| 23:03 | Construir | Barracks |
| 23:08 | Construir | House |
| 23:10 | Construir | House |
| 23:16 | Investigar | Scale Barding Armor |
| 23:30 | Edad | Edad de los Castillos |
| 23:34 | Investigar | Pikeman (upgrade) |
| 23:51 | Crear | Knight ×5 |
| 24:05 | Construir | House |
| 24:16 | Construir | House |
| 24:20 | Crear | Spearman |
| 24:20 | Crear | Spearman |
| 24:22 | Crear | Villager (Male) |
| 24:29 | Crear | Knight ×2 |
Build order — Dustin
Primeras 150 de 575 acciones detectadas
| 0:00 | Crear | Villager (Male) ×4 |
| 0:02 | Construir | House |
| 0:02 | Construir | House |
| 0:35 | Construir | Mill |
| 1:31 | Crear | Villager (Male) |
| 1:54 | Crear | Villager (Male) |
| 2:20 | Crear | Villager (Male) |
| 2:52 | Crear | Villager (Male) |
| 3:19 | Crear | Villager (Male) |
| 3:24 | Construir | Lumber Camp |
| 3:42 | Crear | Villager (Male) |
| 4:02 | Crear | Villager (Male) |
| 4:02 | Crear | Villager (Male) |
| 4:35 | Crear | Villager (Male) |
| 4:58 | Crear | Villager (Male) |
| 5:22 | Crear | Villager (Male) |
| 5:24 | Crear | Villager (Male) |
| 5:27 | Crear | Villager (Male) |
| 6:06 | Investigar | Loom |
| 6:42 | Crear | Villager (Male) |
| 7:08 | Investigar | Feudal Age |
| 7:09 | Investigar | Loom |
| 7:13 | Construir | Barracks |
| 8:01 | Construir | House |
| 8:06 | Construir | Palisade Wall |
| 9:17 | Construir | Palisade Wall |
| 9:18 | Edad | Edad Feudal |
| 9:24 | Construir | Stable |
| 9:33 | Crear | Villager (Male) |
| 9:35 | Investigar | Double-Bit Axe |
| 9:46 | Investigar | Horse Collar |
| 9:48 | Construir | House |
| 9:58 | Crear | Villager (Male) |
| 10:06 | Construir | Palisade Wall |
| 10:11 | Construir | Palisade Wall |
| 10:15 | Crear | Scout Cavalry |
| 10:21 | Crear | Spearman |
| 10:27 | Construir | House |
| 10:29 | Construir | Palisade Wall |
| 10:32 | Crear | Villager (Male) |
| 10:40 | Construir | Farm |
| 10:45 | Crear | Scout Cavalry |
| 10:49 | Construir | Building 796 |
| 10:55 | Crear | Scout Cavalry |
| 10:56 | Crear | Villager (Male) |
| 11:17 | Construir | Palisade Gate |
| 11:20 | Crear | Villager (Male) |
| 11:22 | Construir | Palisade Wall |
| 11:23 | Construir | Palisade Wall |
| 11:26 | Construir | Palisade Wall |
| 11:26 | Construir | Palisade Wall |
| 11:30 | Construir | Palisade Wall |
| 11:31 | Construir | Palisade Wall |
| 11:32 | Crear | Scout Cavalry |
| 11:40 | Construir | House |
| 11:50 | Construir | Farm |
| 11:50 | Construir | Farm |
| 11:53 | Crear | Villager (Male) |
| 12:02 | Construir | Mill |
| 12:07 | Crear | Scout Cavalry |
| 12:24 | Construir | Palisade Gate |
| 12:25 | Construir | House |
| 12:26 | Construir | House |
| 12:29 | Crear | Scout Cavalry |
| 12:39 | Construir | House |
| 12:47 | Crear | Villager (Male) |
| 12:58 | Construir | Farm |
| 12:59 | Construir | Farm |
| 12:59 | Construir | Farm |
| 12:59 | Construir | Farm |
| 12:59 | Construir | Farm |
| 12:59 | Construir | Farm |
| 13:11 | Construir | Farm |
| 13:15 | Crear | Villager (Male) |
| 13:19 | Construir | Palisade Wall |
| 13:23 | Construir | Farm |
| 13:34 | Construir | Farm |
| 13:38 | Construir | Farm |
| 13:41 | Crear | Villager (Male) |
| 13:45 | Crear | Scout Cavalry |
| 13:54 | Construir | Farm |
| 14:03 | Crear | Villager (Male) |
| 14:15 | Construir | Blacksmith |
| 14:17 | Crear | Scout Cavalry |
| 14:25 | Crear | Villager (Male) |
| 14:43 | Construir | Palisade Wall |
| 14:48 | Construir | Mining Camp |
| 14:49 | Crear | Villager (Male) |
| 15:03 | Crear | Scout Cavalry |
| 15:25 | Crear | Villager (Male) |
| 15:41 | Construir | Farm |
| 15:42 | Crear | Villager (Male) |
| 15:45 | Crear | Scout Cavalry |
| 15:49 | Construir | Palisade Wall |
| 16:04 | Construir | Mill |
| 16:08 | Crear | Scout Cavalry |
| 16:19 | Crear | Villager (Male) |
| 16:34 | Construir | Farm |
| 16:34 | Construir | Farm |
| 16:35 | Construir | Farm |
| 16:36 | Construir | Farm |
| 16:37 | Construir | Farm |
| 16:44 | Construir | Farm |
| 16:45 | Construir | Farm |
| 16:47 | Crear | Villager (Male) |
| 16:49 | Crear | Scout Cavalry |
| 16:55 | Investigar | Bloodlines |
| 17:14 | Crear | Villager (Male) |
| 17:26 | Construir | Farm |
| 17:48 | Crear | Villager (Male) |
| 17:53 | Construir | Farm |
| 18:03 | Crear | Scout Cavalry |
| 18:05 | Crear | Villager (Male) |
| 18:17 | Construir | Farm |
| 18:20 | Investigar | Wheelbarrow |
| 18:34 | Construir | Lumber Camp |
| 19:36 | Investigar | Castle Age |
| 19:53 | Construir | Palisade Wall |
| 20:08 | Construir | Stable |
| 20:24 | Construir | Farm |
| 20:26 | Construir | Farm |
| 20:31 | Crear | Scout Cavalry |
| 20:40 | Investigar | Forging |
| 20:49 | Crear | Scout Cavalry |
| 20:57 | Investigar | Scale Barding Armor |
| 21:09 | Crear | Scout Cavalry |
| 21:29 | Crear | Scout Cavalry |
| 21:29 | Crear | Scout Cavalry |
| 21:35 | Construir | Mill |
| 21:35 | Construir | Farm |
| 21:36 | Construir | Farm |
| 21:36 | Construir | Farm |
| 21:36 | Construir | Farm |
| 21:39 | Crear | Scout Cavalry |
| 21:44 | Construir | House |
| 21:46 | Construir | House |
| 22:01 | Crear | Scout Cavalry |
| 22:01 | Crear | Scout Cavalry |
| 22:18 | Crear | Scout Cavalry |
| 22:33 | Edad | Edad de los Castillos |
| 22:35 | Investigar | Light Cavalry (upgrade) |
| 22:36 | Investigar | Iron Casting |
| 22:46 | Crear | Villager (Male) |
| 22:55 | Crear | Villager (Male) |
| 23:10 | Construir | Town Center |
| 23:13 | Crear | Scout Cavalry ×2 |
| 23:25 | Crear | Villager (Male) |
| 23:26 | Construir | Lumber Camp |
| 23:37 | Construir | Farm |
| 23:38 | Investigar | Heavy Plow |
Cronología de la partida
| 6:26 | Flying Mouse -AOE- · first_building Barracks |
| 7:13 | Dustin · first_building Barracks |
| 8:06 | Dustin · wall_segment Palisade Wall x3 |
| 9:17 | Dustin · wall_segment Palisade Wall x8 |
| 9:18 | Dustin · age_up feudal |
| 9:24 | Dustin · first_building Stable |
| 9:56 | Flying Mouse -AOE- · age_up feudal |
| 10:06 | Dustin · wall_segment Palisade Wall x1 |
| 10:11 | Dustin · wall_segment Palisade Wall x6 |
| 10:26 | Flying Mouse -AOE- · first_building Archery Range |
| 10:29 | Dustin · wall_segment Palisade Wall x7 |
| 11:22 | Dustin · wall_segment Palisade Wall x1 |
| 11:23 | Dustin · wall_segment Palisade Wall x1 |
| 11:26 | Dustin · wall_segment Palisade Wall x1 |
| 11:26 | Dustin · wall_segment Palisade Wall x1 |
| 11:30 | Dustin · wall_segment Palisade Wall x1 |
| 11:31 | Dustin · wall_segment Palisade Wall x1 |
| 13:19 | Dustin · wall_segment Palisade Wall x9 |
| 14:43 | Dustin · wall_segment Palisade Wall x1 |
| 15:49 | Dustin · wall_segment Palisade Wall x1 |
| 16:37 | Flying Mouse -AOE- · wall_segment Palisade Wall x1 |
| 19:53 | Dustin · wall_segment Palisade Wall x1 |
| 20:39 | Flying Mouse -AOE- · first_market_buy 100 food |
| 20:54 | Flying Mouse -AOE- · first_building Stable |
| 22:33 | Dustin · age_up castle |
| 23:30 | Flying Mouse -AOE- · age_up castle |
| 24:11 | Dustin · first_building Siege Workshop |
| 25:27 | Dustin · first_building Monastery |
| 28:31 | Dustin · wall_segment Stone Wall x1 |
| 29:24 | Dustin · wall_segment Palisade Wall x1 |
| 29:25 | Dustin · wall_segment Palisade Wall x1 |
| 29:51 | Dustin · first_market_sell 100 food |
| 29:58 | Flying Mouse -AOE- · first_building Siege Workshop |
| 30:38 | Dustin · wall_segment Stone Wall x8 |
| 31:23 | Dustin · wall_segment Stone Wall x5 |
| 31:26 | Dustin · wall_segment Stone Wall x15 |
| 31:52 | Dustin · wall_segment Palisade Wall x1 |
| 31:53 | Dustin · wall_segment Palisade Wall x1 |
| 31:54 | Dustin · wall_segment Palisade Wall x1 |
| 34:11 | Dustin · first_market_buy 100 food |
| 35:30 | Dustin · wall_segment Stone Wall x2 |
| 35:32 | Dustin · wall_segment Stone Wall x8 |
| 36:42 | Dustin · first_building Castle |
| 38:36 | Flying Mouse -AOE- · first_building Monastery |
| 40:00 | Flying Mouse -AOE- · first_market_sell 500 wood |
| 40:09 | Flying Mouse -AOE- · first_building Castle |
| 42:17 | Flying Mouse -AOE- · age_up imperial |
| 44:19 | Dustin · wall_segment Stone Wall x1 |
| 44:37 | Dustin · first_building Archery Range |
| 46:42 | Dustin · age_up imperial |
| 47:45 | Dustin · wall_segment Stone Wall x2 |
| 47:46 | Dustin · wall_segment Stone Wall x3 |
| 48:41 | Dustin · wall_segment Stone Wall x3 |
| 49:25 | Dustin · wall_segment Stone Wall x6 |
| 50:05 | Dustin · wall_segment Stone Wall x4 |
| 50:06 | Dustin · wall_segment Stone Wall x3 |
| 52:09 | Dustin · wall_segment Stone Wall x1 |
| 54:51 | Dustin · wall_segment Stone Wall x1 |
| 54:56 | Dustin · wall_segment Palisade Wall x1 |
| 60:13 | Dustin · wall_segment Palisade Wall x1 |
| 63:14 | Dustin · wall_segment Palisade Wall x1 |
| 63:18 | Dustin · wall_segment Palisade Wall x5 |
| 63:19 | Dustin · wall_segment Palisade Wall x1 |
| 65:55 | Dustin · resign |
[ ANÁLISIS IA · 1 CRÉDITO ]
¿Qué pasó realmente en esta partida?
Wolo.gg analiza cada decisión: build order, eco, micro, errores típicos por bracket. Análisis personalizado por WhatsApp o Discord en 30 segundos.
Guía civ
Magiares
Perfil
Jugador #227587